 Dungeon Crawl Stone Soup version 0.31-a0-889-g1a8549509d (webtiles) character file.

Game seed: 2913883653866897232

2848 DocEon the Basher (level 9, -1/72 HPs)
             Began as an Armataur Fighter on Oct 17, 2023.
             Was an Initiate of Gozag.
             Slain by an orc warrior
             ... wielding a +0 halberd
              (12 damage)
             ... in a bailey.
             The game lasted 00:07:46 (6602 turns).

DocEon the Basher (Armataur Fighter)                Turns: 6602, Time: 00:07:47

Health: -1/72      AC: 10    Str: 25    XL:     9   Next: 46%
Magic:  0/9        EV:  7    Int:  8    God:    Gozag
Gold:   393        SH:  4    Dex: 11    Spells: 8/8 levels left

rFire   . . .        a - +1 flail (freeze)
rCold   + + .        c - +0 buckler
rNeg    . . .        b - +0 scale mail
rPois   .            u - +0 helmet
rElec   .            w - +0 cloak
rCorr   .            q - +0 pair of gloves
SInv    .            (no barding)
Will    .....        e - amulet of guardian spirit Stlth
                     (no ring)
HPRegen 0.32/turn    (no ring)
MPRegen 0.11/turn

%: clarity, guardian spirit, roll
@: mighty, gold aura
A: large, rugged brown scales 3, deformed body, armoured tail, roll, long
tongue, awkward tongue, clarity, cold resistance 2, deterioration 1
a: Renounce Religion, Potion Petition, Call Merchant, Bribe Branch


You were in a bailey.
You worshipped Gozag.
Gozag was aware of your devotion.
You visited 1 branch of the dungeon, and saw 7 of its levels.
You also visited: Ossuary and Bailey.

You collected 927 gold pieces.
You spent 133 gold pieces at shops.
You paid 401 gold pieces to Gozag.

Inventory:

Hand Weapons
 a - a +1 flail of freezing (weapon)
Armour
 b - a +0 scale mail (worn)
 c - a +0 buckler (worn)
 q - a +0 pair of gloves (worn)
 u - a +0 helmet (worn)
 w - a +0 cloak (worn)
Jewellery
 e - an amulet of guardian spirit (around neck)
 h - an amulet of magic regeneration
Wands
 i - a wand of digging (3)
 l - a wand of paralysis (5)
 r - a wand of flame (13)
 s - a wand of roots (2)
Potions
 g - a potion of curing
 p - a potion of lignification {unknown}
 v - a potion of enlightenment {unknown}


   Skills:
 - Level 2.6 Fighting
 * Level 12.1 Maces & Flails
 - Level 3.6 Armour
 - Level 3.2 Shields


You had 8 spell levels left.
You didn't know any spells.
Your spell library contained the following spells:

 Spells                   Type           Power      Damage    Failure   Level
 Necrotise                Necr           0%         1d4       77%         1
 Summon Small Mammal      Summ           0%         N/A       77%         1
 Ensorcelled Hibernation  Hex/Ice        0%         N/A       88%         2
 Passwall                 Tmut/Erth      0%         N/A       88%         2
 Call Canine Familiar     Summ           0%         N/A       98%         3
 Summon Guardian Golem    Hex/Summ       0%         N/A       98%         3
 Swiftness                Air            0%         N/A       98%         3
 Vampiric Draining        Necr           0%         2d6       98%         3
 Agony                    Necr           0%         N/A       100%        5


Dungeon Overview and Level Annotations

Branches:
Dungeon (7/15)             Temple (0/1) D:7         Ossuary (visited)
 Bailey (1/1)

Altars:
Gozag
Makhleb
Okawaru
Wu Jian
Xom

Shops:
D:4 **


Innate Abilities, Weirdness & Mutations

You are completely covered in rugged brown scales. (AC +3, +7% HP)
Armour fits poorly on your strangely shaped body.
You have a long armoured tail.
You roll when moving toward enemies. (Rampage)
Your long tongue fully drains potion bottles. (2x potion effects)
Your tongue gives you trouble enunciating. (1.5x scroll delay)
You possess an exceptional clarity of mind.
Your flesh is very cold resistant. (rC++)
Your body sometimes deteriorates upon taking damage.


Message History

* * * LOW HITPOINT WARNING * * *
You feel very mighty all of a sudden.
You slurp down every last drop of the potion of might!
You block the centaur's attack.
The centaur kicks you but does no damage.
The orc warrior barely misses you.
You barely miss the centaur.
The centaur is heavily wounded.
The centaur hits you with a +0 halberd!
* * * LOW HITPOINT WARNING * * *
You block the centaur's attack. The orc warrior barely misses you.
An orc warrior comes into view. It is wielding a +0 glaive.
The centaur hits you but does no damage.
The centaur kicks you but does no damage.
You completely miss the centaur.
The orc warrior shouts!
You tail-slap the centaur!
The centaur is severely wounded.
The centaur hits you with a +0 halberd.
* * * LOW HITPOINT WARNING * * *
The centaur kicks you but does no damage.
You completely miss the centaur.
The centaur is severely wounded.
The centaur hits you but does no damage.
The centaur kicks you but does no damage.
You barely miss the centaur.
The centaur is severely wounded.
The centaur closely misses you. The centaur barely misses you.
The orc warrior completely misses you.
You thump the centaur! You freeze the centaur.
You kill the centaur!
The orc warrior is distracted by your dazzling golden aura.
You closely miss the orc warrior.
The orc warrior is no longer distracted by gold.
The orc warrior shouts!
You tail-slap the orc warrior!
The orc warrior is severely wounded.
The orc warrior hits you with a +0 halberd!
You die...
Your body crumbles into a pile of gold.

##.≈.≈≈.....≈≈.≈
#≈..#.≈≈.≈.≈≈≈≈≈.≈.≈
#≈..#.≈.≈≈.≈...≈.≈≈.
#≈..#.≈.≈.≈≈...≈≈.≈.
#≈.o#.≈.≈.≈)⌠∩⌠.≈.≈.
#≈..#.≈.≈.≈..).)≈.≈)
#≈..#.≈.≈.≈.⌠∩).≈.≈.
#≈$.#.≈.≈.≈≈...≈≈.≈.
#≈o@#.≈.≈≈.≈...≈.≈≈.
#≈..#.≈≈.≈.≈≈)≈≈.≈.≈
#≈..'..≈.≈≈.≈.≈.≈≈.≈
#≈..#.....≈≈...≈≈...
##..#......≈≈≈≈≈....
##.#≈≈≈≈.........≈≈
######≈≈⌠.....⌠≈≈#
##≈≈≈...≈≈≈##
##≈≈≈≈≈≈≈##


You could see 2 orc warriors.

Vanquished Creatures
  A hornet (D:7)
  A shadow (D:7)
  A water moccasin (D:7)
  A black bear (D:5)
  2 ice beasts
  5 ogres
  A phantom (D:7)
  3 centaurs (Bailey)
  2 bullfrogs (D:7)
  A kobold brigand (D:7)
  2 elf zombies (Ossuary)
  A scorpion (D:4)
  3 killer bees (D:7)
  A howler monkey (D:4)
  2 centaur zombies (Ossuary)
  A jelly (D:6)
  6 hounds
  An orc priest (D:4)
  4 iguanas
  A sleepcap (D:6)
  4 orc wizards
  2 mummies (Ossuary)
  Robin (D:4)
  10 adders
  A white imp (D:6)
  12 dart slugs
  2 worms
  24 orcs
  8 endoplasms
  A giant cockroach (D:3)
  16 goblins
  5 hobgoblins
  6 jackals
  10 kobolds
  3 quokkas
  5 ball pythons
  2 bats (D:1)
  4 frilled lizards
  2 gnoll zombies (Ossuary)
  2 goblin zombies (Ossuary)
  6 orc zombies (Ossuary)
  6 rats
172 creatures vanquished.

Vanquished Creatures (others)
  An orc wizard (D:4)
  2 orcs (Bailey)
3 creatures vanquished.

Grand Total: 175 creatures vanquished

Notes
Turn   | Place    | Note
-------+----------+-------------------------------------------
     0 | D:1      | DocEon the Armataur Fighter began the quest for the Orb.
     0 | D:1      | Reached XP level 1. HP: 19/19 MP: 1/1
    56 | D:1      | Reached skill level 2 in Maces & Flails
   276 | D:1      | Reached XP level 2. HP: 26/26 MP: 2/2
   461 | D:1      | Reached skill level 3 in Maces & Flails
   528 | D:1      | Reached XP level 3. HP: 18/32 MP: 1/3
  1345 | D:2      | Found a faded altar of an unknown god.
  1725 | D:3      | Reached skill level 4 in Maces & Flails
  1725 | D:3      | Reached XP level 4. HP: 31/39 MP: 4/4
  2692 | D:4      | Reached XP level 5. HP: 42/44 MP: 5/5
  2706 | D:4      | Noticed Robin
  2719 | D:4      | Killed Robin
  2807 | D:4      | Noticed an ogre
  2815 | D:4      | Killed an ogre
  2816 | D:4      | Reached skill level 5 in Maces & Flails
  2941 | D:4      | Reached XP level 6. HP: 47/53 MP: 4/6
  3090 | D:4      | Reached skill level 6 in Maces & Flails
  3119 | D:4      | Found Lovum's Specific Store.
  3120 | D:4      | Found Lafusel's General Store.
  3125 | D:4      | Bought a potion of heal wounds for 70 gold pieces
  3125 | D:4      | Bought a +0 helmet for 63 gold pieces
  3511 | D:4      | Reached skill level 7 in Maces & Flails
  3511 | D:4      | Reached XP level 7. HP: 57/59 MP: 7/7
  3950 | D:5      | Entered Level 5 of the Dungeon
  4423 | D:5      | Reached skill level 8 in Maces & Flails
  4673 | D:5      | Reached XP level 8. HP: 58/66 MP: 6/8
  4840 | D:5      | Reached skill level 9 in Maces & Flails
  4987 | D:6      | Found a shimmering altar of Xom.
  5018 | D:6      | Found a sand-covered staircase.
  5028 | Ossuary  | Entered an ossuary
  5354 | D:6      | Found an iron altar of Okawaru.
  5494 | D:6      | Found an opulent altar of Gozag.
  5503 | D:6      | Became a worshipper of Gozag Ym Sagoz the Greedy
  5533 | D:6      | Reached skill level 10 in Maces & Flails
  5733 | D:6      | Found an ornate altar of the Wu Jian Council.
  5891 | D:7      | Noticed a hornet
  5923 | D:7      | Paralysed by a hornet for 2 turns
  5929 | D:7      | Paralysed by a hornet for 2 turns
  5934 | D:7      | Killed a hornet
  6085 | D:7      | Reached skill level 11 in Maces & Flails
  6085 | D:7      | Reached XP level 9. HP: 66/72 MP: 7/9
  6112 | D:7      | Found a burning altar of Makhleb.
  6276 | D:7      | Found a staircase to the Ecumenical Temple.
  6333 | D:7      | Found a flagged portal.
  6369 | Bailey   | Entered a bailey
  6375 | Bailey   | Gained mutation: Your flesh is cold resistant. (rC+)
                  | [potion of mutation]
  6375 | Bailey   | Gained mutation: You possess an exceptional clarity of
                  | mind. [potion of mutation]
  6375 | Bailey   | Gained mutation: Your body sometimes deteriorates upon
                  | taking damage. [potion of mutation]
  6375 | Bailey   | Gained mutation: Your flesh is very cold resistant. (rC++)
                  | [potion of mutation]
  6394 | Bailey   | Reached skill level 12 in Maces & Flails
  6602 | Bailey   | Slain by an orc warrior

Illustrated notes

Levels and vault maps discovered:
D:1:      matt_arrival_los_fun, layout_basic
D:2:      layout_basic, shapermc_ecumenical_altar_mp_ritualfount
D:3:      kennysheep_slugbush, layout_loops_ring, serial_bayou_lagoon_b
D:4:      layout_basic, nicolae_specific_store, uniq_robin
D:5:      layout_gridville
D:6:      layout_rooms, mainiacjoe_overflow_boulevard,
          mainiacjoe_overflow_alcove_2, lemuel_tele_altar,
          nicolae_wu_jian_wuxing_cycle, enter_ossuary_1,
          dreamdust_princess_corridor, nicolae_underground_beach
D:7:      layout_loops_ring, mainiacjoe_overflow_concentric_impassable,
          minmay_temple_entry_mist, enter_bailey_2,
          minmay_misc_feat_secret_circle, eino_curves_03,
          nicolae_nh_ransacked_shop
Bailey:   bailey_polearm_flooded_kennysheep, bailey

Skill      XL: |  1  2  3  4  5  6  7  8  9 |
---------------+----------------------------+-----
Maces & Flails | 2 3 4 5 7 8 11 12 | 12.1
Fighting       | |  2.6
Armour         | |  3.6
Shields        | |  3.2

Action                     |  1- 3 |  4- 6 |  7- 9 || total
---------------------------+-------+-------+-------++-------
  Melee: Flail             |   108 |   146 |   324 ||   578
         Tailslap          |    14 |    22 |    41 ||    77
 Invoke: Potion Petition   |       |       |     1 ||     1
    Use: Scroll            |       |       |    12 ||    12
         Potion            |       |       |     9 ||     9
   Stab: Invisible         |       |       |     6 ||     6
 Armour: Scale mail        |   113 |   100 |   297 ||   510
  Dodge: Dodged            |    50 |    38 |   137 ||   225
  Block: Buckler           |    17 |    36 |    58 ||   111

Table legend: (Time is in decaauts)
 A = Elapsed time spent in this place.
 B = Non-inter-level travel time spent in this place.
 C = Inter-level travel time spent in this place.
 D = Time resting spent in this place.
 E = Time spent auto-exploring this place.
 F = Levels seen in this place.
 G = Mean time per level.
                   A        B        C        D        E       F      G
               +--------+--------+--------+--------+--------+-----+--------+
         Total |   6662 |   6461 |    201 |    704 |   4412 |   9 |  740.2 |
       Dungeon |   6246 |   6045 |    201 |    671 |   4169 |   7 |  892.3 |
       Ossuary |    179 |    179 |      0 |      0 |     92 |   1 |  179.0 |
        Bailey |    236 |    236 |      0 |     33 |    151 |   1 |  236.0 |
               +--------+--------+--------+--------+--------+-----+--------+

Top non-repeatable levels by time:
     D:4: 1316 daAuts
     D:1: 1052 daAuts
     D:5: 1040 daAuts
     D:3: 938 daAuts
     D:6: 719 daAuts
     D:2: 703 daAuts
     D:7: 476 daAuts
  Bailey: 236 daAuts
 Ossuary: 179 daAuts
